[Event "27th OIBM 2024"]
[Site "Gmund am Tegernsee"]
[Date "2024.10.29"]
[Round "4.20"]
[White "Ciolek, Andreas"]
[Black "Basener, Winfried"]
[Result "1-0"]
[ECO "E11"]
[WhiteElo "2173"]
[BlackElo "1949"]
[Annotator "RC"]
[PlyCount "87"]
[EventDate "2024.09.16"]
[EventType "swiss"]
[EventCountry "GER"]
[SourceTitle "playchess.com"]
[Source "ChessBase"]
[SourceQuality "1"]
[TimeControl "40/5400+30:1800+30"]

1. d4 Nf6 2. c4 e6 3. Nf3 Bb4+ 4. Nbd2 b6 5. a3 Be7 6. e4 d5 7. e5 Nfd7 8. cxd5 exd5 9. Bd3 Nf8 10. O-O Ne6 11. Re1 O-O 12. Nf1 c5 13. dxc5 bxc5 14. Ne3 g6 15. Ng4 Nd7 16. Qd2 Bb7 17. Qh6 c4 18. Bc2 d4 19. Qh3 d3 20. Bd1 Bxf3 21. Bxf3 Rb8 22. Nh6+ Kh8 23. Nxf7+ Rxf7 24. Qxe6 Rxf3 25. gxf3 Nc5 26. Qxc4 d2 27. Bxd2 Qxd2 28. Re2 Qg5+ 29. Qg4 Nd3 30. Qxg5 Bxg5 31. Rd1 Rxb2 32. Rxb2 Nxb2 33. Rd7 a5 34. f4 Bxf4 35. e6 Bg5 36. Rd5 Be7 37. Rxa5 Nc4 38. Ra7 Bc5 39. Rc7 Nxa3 40. Rxc5 Kg7 41. Kf1 Kf6 42. Ke2 Kxe6 43. Kd3 Kd6 44. Ra5 1-0

[Event "27th OIBM 2024"]
[Site "Gmund am Tegernsee"]
[Date "2024.10.29"]
[Round "4.21"]
[White "Lishoy Gengis Paratazham, Dildarav"]
[Black "Southcott-Moyers, Indy"]
[Result "0-1"]
[ECO "A07"]
[WhiteElo "1945"]
[BlackElo "2143"]
[Annotator "RC"]
[PlyCount "167"]
[EventDate "2024.09.16"]
[EventType "swiss"]
[EventCountry "GER"]
[SourceTitle "playchess.com"]
[Source "ChessBase"]
[SourceQuality "1"]
[TimeControl "40/5400+30:1800+30"]

1. Nf3 d5 2. g3 b6 3. Bg2 Bb7 4. O-O e6 5. b3 Nf6 6. Bb2 Be7 7. c4 dxc4 8. bxc4 c5 9. Qc2 Qc8 10. d3 O-O 11. Nbd2 Nc6 12. Rfd1 Rd8 13. Nb3 Qc7 14. a3 Rac8 15. Rac1 h6 16. e3 Qb8 17. Qe2 Re8 18. Qd2 Qa8 19. e4 Red8 20. Qc2 Nh7 21. Ne5 Nxe5 22. Bxe5 Bf6 23. Qc3 Bxe5 24. Qxe5 Nf6 25. h3 Nd7 26. Qc3 Nb8 27. Rd2 Nc6 28. Rcd1 e5 29. Na1 Rd6 30. Nc2 Rf8 31. Ne3 Nd4 32. g4 g6 33. Rf1 Rf6 34. f3 Bc6 35. Nc2 Rd8 36. Rdf2 Qb8 37. Kh1 Nxc2 38. Qxc2 Rd4 39. Qc1 Rf4 40. Qc3 Qd8 41. Rd2 Ba4 42. Rdf2 Kh7 43. Re2 Qg5 44. Rfe1 Rf6 45. Qd2 Qxd2 46. Rxd2 Rfd6 47. Rde2 Rf6 48. Rd2 Rfd6 49. Bf1 Rxc4 50. dxc4 Rxd2 51. Re3 Kg7 52. Kg1 Kf6 53. h4 Ke7 54. Be2 Bd1 55. Bd3 Bb3 56. Bf1 Ba4 57. Be2 a6 58. Kf1 Ra2 59. Rc3 f6 60. Ke1 Ra1+ 61. Kf2 Rh1 62. Kg3 Kd6 63. Rd3+ Kc7 64. Rd5 g5 65. h5 Rc1 66. Kf2 Bb3 67. Ke3 Bxc4 68. Bxc4 Rxc4 69. Rd3 Rd4 70. Rb3 b5 71. Rc3 c4 72. Ke2 Rd3 73. Rxd3 cxd3+ 74. Kxd3 Kc6 75. Kc2 Kb6 76. Kc3 a5 77. Kd3 Kc5 78. Kc3 b4+ 79. axb4+ axb4+ 80. Kb3 Kd4 81. Kxb4 Ke3 82. Kc3 Kxf3 83. Kd3 Kf4 84. Kc4 0-1

[Event "27th OIBM 2024"]
[Site "Gmund am Tegernsee"]
[Date "2024.10.29"]
[Round "4.22"]
[White "Gernhuber, Darian"]
[Black "Butenandt, Svenja"]
[Result "0-1"]
[ECO "B12"]
[WhiteElo "1886"]
[BlackElo "2141"]
[Annotator "RC"]
[PlyCount "144"]
[EventDate "2024.09.16"]
[EventType "swiss"]
[EventCountry "GER"]
[SourceTitle "playchess.com"]
[Source "ChessBase"]
[SourceQuality "1"]
[TimeControl "40/5400+30:1800+30"]

1. e4 c6 2. d4 d5 3. e5 Bf5 4. Nc3 e6 5. g4 Bg6 6. Nge2 c5 7. h4 h5 8. Nf4 Bh7 9. g5 Bf5 10. Nxh5 Nc6 11. Ng3 cxd4 12. Nb5 Bb4+ 13. c3 dxc3 14. bxc3 Bc5 15. Nxf5 exf5 16. Qxd5 Qxd5 17. Nc7+ Kf8 18. Nxd5 Nxe5 19. Be3 Bxe3 20. Nxe3 Rxh4 21. Rxh4 Nf3+ 22. Ke2 Nxh4 23. f4 Re8 24. Rd1 f6 25. Kf2 fxg5 26. fxg5 Ne7 27. Rd7 Rb8 28. a4 a6 29. c4 Ke8 30. Rd6 Rc8 31. Rb6 f4 32. Ng2 Nxg2 33. Kxg2 Rc5 34. Rxb7 Rxg5+ 35. Kf3 Rg1 36. Kf2 Rg6 37. Bg2 Rf6 38. c5 g5 39. Rb6 Rf5 40. Rxa6 Rxc5 41. Bf3 Rc2+ 42. Kg1 Nf5 43. Rc6 Ra2 44. Rc8+ Ke7 45. Rg8 Nd4 46. Bg4 Kf6 47. Rf8+ Kg7 48. Rd8 Rxa4 49. Rd5 Kf6 50. Rd6+ Ke5 51. Rg6 Ra1+ 52. Kf2 Ra2+ 53. Kf1 Ke4 54. Rxg5 Nf3 55. Bxf3+ Kxf3 56. Ke1 Ra1+ 57. Kd2 Kf2 58. Kd3 Re1 59. Kd2 f3 60. Rh5 Re8 61. Rf5 Rd8+ 62. Kc2 Ke2 63. Re5+ Kf1 64. Rh5 f2 65. Rg5 Rd4 66. Kc3 Rd7 67. Kc2 Rd6 68. Kc3 Ke1 69. Re5+ Kd1 70. Rf5 Rd2 71. Ra5 Rc2+ 72. Kb3 f1=Q 0-1

[Event "27th OIBM 2024"]
[Site "Gmund am Tegernsee"]
[Date "2024.10.29"]
[Round "4.23"]
[White "Huber, Benedikt"]
[Black "Noack, Mario"]
[Result "1-0"]
[ECO "A30"]
[WhiteElo "2299"]
[BlackElo "1885"]
[Annotator "RC"]
[PlyCount "77"]
[EventDate "2024.09.16"]
[EventType "swiss"]
[EventCountry "GER"]
[SourceTitle "playchess.com"]
[Source "ChessBase"]
[SourceQuality "1"]
[TimeControl "40/5400+30:1800+30"]

1. Nf3 c5 2. g3 b6 3. Bg2 Bb7 4. c4 g6 5. O-O Bg7 6. Nc3 e6 7. e3 Ne7 8. d4 d5 9. dxc5 bxc5 10. cxd5 exd5 11. Qb3 Qb6 12. Rd1 Qxb3 13. axb3 O-O 14. Ra5 Nd7 15. Ng5 h6 16. Nh3 Nc6 17. Ra1 d4 18. Nb5 Nd8 19. exd4 Bxg2 20. Kxg2 Rb8 21. Rxa7 Rxb5 22. Rxd7 cxd4 23. Nf4 Rxb3 24. h4 Nc6 25. h5 g5 26. Nd5 Re8 27. Rc7 Nd8 28. Ne7+ Kf8 29. Nf5 Ne6 30. Rd7 Be5 31. Ng7 Kxg7 32. R7xd4 Rb7 33. Rc4 Nd4 34. Be3 Nc2 35. Rc6 Ra8 36. Rb6 Rxb6 37. Bxb6 Ra6 38. Bd4 f6 39. Ra1 1-0

[Event "27th OIBM 2024"]
[Site "Gmund am Tegernsee"]
[Date "2024.10.29"]
[Round "4.24"]
[White "Esser, Julian"]
[Black "Aumueller, Naum"]
[Result "1/2-1/2"]
[ECO "C77"]
[WhiteElo "1881"]
[BlackElo "2139"]
[Annotator "RC"]
[PlyCount "84"]
[EventDate "2024.09.16"]
[EventType "swiss"]
[EventCountry "GER"]
[SourceTitle "playchess.com"]
[Source "ChessBase"]
[SourceQuality "1"]
[TimeControl "40/5400+30:1800+30"]

1. e4 e5 2. Nf3 Nc6 3. Bb5 a6 4. Ba4 Nf6 5. d3 d6 6. c3 Be7 7. Nbd2 O-O 8. O-O b5 9. Bc2 Re8 10. Re1 Bf8 11. Nf1 d5 12. Ng3 dxe4 13. dxe4 Qxd1 14. Rxd1 g6 15. Bg5 Kg7 16. h3 Bc5 17. b4 Bb6 18. a4 Bb7 19. Kf1 h6 20. Bd2 Red8 21. Ke2 Ne8 22. Be3 Bxe3 23. Kxe3 Nd6 24. Nd2 a5 25. bxa5 b4 26. cxb4 Nxb4 27. Bb3 f5 28. exf5 gxf5 29. Nh5+ Kg6 30. g4 c5 31. Rac1 Rxa5 32. f4 Re8 33. Nc4 exf4+ 34. Kxf4 Nxc4 35. Bxc4 Re4+ 36. Kg3 fxg4 37. Nf4+ Kg5 38. Ne6+ Kf6 39. Rd7 Re3+ 40. Kxg4 Bc8 41. Rf1+ Ke5 42. Rf5+ Ke4 1/2-1/2

[Event "27th OIBM 2024"]
[Site "Gmund am Tegernsee"]
[Date "2024.10.29"]
[Round "4.25"]
[White "Auge, Hendrik"]
[Black "Atoyan, Alberto"]
[Result "0-1"]
[ECO "B22"]
[WhiteElo "1851"]
[BlackElo "2133"]
[Annotator "RC"]
[PlyCount "86"]
[EventDate "2024.09.16"]
[EventType "swiss"]
[EventCountry "GER"]
[SourceTitle "playchess.com"]
[Source "ChessBase"]
[SourceQuality "1"]
[TimeControl "40/5400+30:1800+30"]

1. e4 c5 2. Nf3 e6 3. c3 Nf6 4. e5 Nd5 5. d4 cxd4 6. cxd4 d6 7. Nc3 Nxc3 8. bxc3 Qc7 9. Bd2 Nd7 10. exd6 Bxd6 11. Bd3 b6 12. O-O Bb7 13. h3 O-O 14. Re1 Bf4 15. Ng5 Nf6 16. Bxf4 Qxf4 17. Re5 Qh4 18. g3 Qh6 19. h4 g6 20. Re1 Rfd8 21. Qe2 Qg7 22. Rac1 Rac8 23. Ba6 Bxa6 24. Qxa6 Rc7 25. Qe2 Rdc8 26. Qf3 h6 27. Ne4 Nxe4 28. Rxe4 h5 29. Re3 Qf8 30. Rc2 Qd6 31. Qe2 Rc4 32. Qd3 b5 33. a3 a5 34. Kh2 b4 35. axb4 axb4 36. Qe2 Rxc3 37. Rexc3 Rxc3 38. Rxc3 bxc3 39. Qd3 Qc6 40. Qc2 Qc4 41. Qd1 c2 42. Qc1 Qe2 43. Qf4 Qe1 0-1

[Event "27th OIBM 2024"]
[Site "Gmund am Tegernsee"]
[Date "2024.10.29"]
[Round "4.26"]
[White "Spieker, Hans-Joachim"]
[Black "Tonndorf, Matthias"]
[Result "0-1"]
[ECO "A30"]
[WhiteElo "1830"]
[BlackElo "2129"]
[Annotator "RC"]
[PlyCount "100"]
[EventDate "2024.09.16"]
[EventType "swiss"]
[EventCountry "GER"]
[SourceTitle "playchess.com"]
[Source "ChessBase"]
[SourceQuality "1"]
[TimeControl "40/5400+30:1800+30"]

1. Nf3 c5 2. c4 b6 3. g3 Bb7 4. Bg2 e6 5. O-O Nf6 6. b3 Be7 7. Bb2 O-O 8. Nc3 d6 9. e3 a6 10. Qe2 Nbd7 11. Rfd1 Ra7 12. a3 Qa8 13. b4 cxb4 14. axb4 Ne5 15. Ne1 Bxg2 16. Nxg2 Rc8 17. d3 Qb7 18. b5 a5 19. Ne1 Ned7 20. Nf3 e5 21. e4 Nc5 22. Rac1 Bf8 23. Ba3 Ne6 24. Nd5 Nxd5 25. cxd5 Nc5 26. d4 exd4 27. Nxd4 Re8 28. Bxc5 dxc5 29. Nc6 Raa8 30. e5 Qd7 31. Qc4 g6 32. Re1 Bg7 33. Rcd1 h5 34. Qf4 Qh3 35. Re3 Rf8 36. Qe4 Kh7 37. d6 Bh6 38. Red3 Qd7 39. f4 Rae8 40. Ne7 Qxb5 41. f5 Qb4 42. fxg6+ Kh8 43. Qxb4 axb4 44. gxf7 Rxf7 45. Nc6 Rd7 46. Re1 Re6 47. Nb8 Rd8 48. d7 Bg5 49. Rd6 Rxd6 50. exd6 b3 0-1

[Event "27th OIBM 2024"]
[Site "Gmund am Tegernsee"]
[Date "2024.10.29"]
[Round "4.27"]
[White "Fuhrmann, Bahne"]
[Black "Jekel, Wolfgang"]
[Result "0-1"]
[ECO "A41"]
[WhiteElo "2132"]
[BlackElo "1823"]
[Annotator "RC"]
[PlyCount "84"]
[EventDate "2024.09.16"]
[EventType "swiss"]
[EventCountry "GER"]
[SourceTitle "playchess.com"]
[Source "ChessBase"]
[SourceQuality "1"]
[TimeControl "40/5400+30:1800+30"]

1. Nf3 c6 2. c4 d6 3. d4 Nd7 4. Nc3 e5 5. d5 c5 6. e4 Ngf6 7. g3 Be7 8. Bg2 Nf8 9. O-O Ng6 10. a4 b6 11. Ne1 h5 12. f4 h4 13. Nd3 hxg3 14. hxg3 exf4 15. gxf4 Bh3 16. Bxh3 Rxh3 17. f5 Kd7 18. Nf2 Rg3+ 19. Kh2 Rxc3 20. bxc3 Qh8+ 21. Nh3 Ne5 22. a5 Qh4 23. Qa4+ Kd8 24. Bf4 Nfg4+ 25. Kg2 Ne3+ 26. Bxe3 Qxe4+ 27. Kg1 Qxe3+ 28. Rf2 Qxh3 29. axb6 Bh4 30. b7 Bxf2+ 31. Kxf2 Qf3+ 32. Kg1 Rb8 33. Qxa7 Nd7 34. Qa5+ Ke7 35. Re1+ Kf6 36. Qc7 Qg3+ 37. Kf1 Rh8 38. Re4 Qf3+ 39. Ke1 Qxe4+ 40. Kd2 Rh2+ 41. Kd1 Qd3+ 42. Ke1 Qe2# 0-1

[Event "27th OIBM 2024"]
[Site "Gmund am Tegernsee"]
[Date "2024.10.29"]
[Round "4.28"]
[White "Manucharyan, Andriy"]
[Black "Ospanova, Adelya"]
[Result "1-0"]
[ECO "E08"]
[WhiteElo "2130"]
[BlackElo "1772"]
[Annotator "RC"]
[PlyCount "91"]
[EventDate "2024.09.16"]
[EventType "swiss"]
[EventCountry "GER"]
[SourceTitle "playchess.com"]
[Source "ChessBase"]
[SourceQuality "1"]
[TimeControl "40/5400+30:1800+30"]

1. d4 Nf6 2. c4 e6 3. g3 d5 4. Nf3 Bb4+ 5. Bd2 Be7 6. Bg2 c6 7. Qc2 O-O 8. O-O Nbd7 9. Bf4 b6 10. Rd1 Bb7 11. Ne5 Nh5 12. Bc1 Nhf6 13. cxd5 cxd5 14. Nc6 Bxc6 15. Qxc6 Rc8 16. Qa4 a5 17. Nc3 Ne8 18. Bf4 Bd6 19. Be3 Bb4 20. Nb5 Rc4 21. b3 Rc2 22. a3 Be7 23. Rdc1 Qc8 24. b4 Rc4 25. Rxc4 Qxc4 26. Rc1 Qxe2 27. Nc3 b5 28. Qxa5 Qh5 29. Qxb5 Ndf6 30. Qe2 Qg6 31. Bf4 Nh5 32. Be5 Nef6 33. Bxf6 Bxf6 34. Nb5 Bg5 35. f4 Be7 36. Rc7 Bd8 37. Rc8 Qb1+ 38. Bf1 Nf6 39. Qc2 Qe1 40. Qc1 Qe4 41. Qd2 h5 42. Bd3 Qf3 43. Qe2 Qxe2 44. Bxe2 Bb6 45. Rxf8+ Kxf8 46. a4 1-0

[Event "27th OIBM 2024"]
[Site "Gmund am Tegernsee"]
[Date "2024.10.29"]
[Round "4.29"]
[White "Timagin, Petr"]
[Black "Haresh, Venkata Narayanaswam"]
[Result "1-0"]
[ECO "B91"]
[WhiteElo "2329"]
[BlackElo "1717"]
[Annotator "RC"]
[PlyCount "109"]
[EventDate "2024.09.16"]
[EventType "swiss"]
[EventCountry "GER"]
[SourceTitle "playchess.com"]
[Source "ChessBase"]
[SourceQuality "1"]
[TimeControl "40/5400+30:1800+30"]

1. e4 c5 2. Nf3 d6 3. d4 cxd4 4. Nxd4 Nf6 5. Nc3 a6 6. g3 e5 7. Nb3 Be7 8. Bg2 b5 9. a4 b4 10. Nd5 a5 11. Be3 Nbd7 12. O-O Bb7 13. Nxe7 Qxe7 14. f3 O-O 15. Qd2 Rfd8 16. Rfe1 Qe6 17. Nxa5 Rxa5 18. Qxb4 Raa8 19. Qxb7 Rab8 20. Qa6 Rxb2 21. Red1 Nb8 22. Qd3 Qc8 23. a5 Na6 24. Bb6 Re8 25. Bf1 Nb4 26. Qc4 Qxc4 27. Bxc4 Rc8 28. Rxd6 Nxc2 29. Rad1 g6 30. Rd8+ Rxd8 31. Rxd8+ Kg7 32. Rd2 Rb1+ 33. Kf2 Nb4 34. Be2 Ra1 35. Bb5 Ng8 36. Bc7 f6 37. Rd7+ Kh8 38. Bc4 Rc1 39. Bd5 Rc2+ 40. Kf1 h5 41. Bd6 Nxd5 42. exd5 Ra2 43. Bf8 Ra1+ 44. Ke2 g5 45. Ra7 Ra2+ 46. Ke3 Rxh2 47. Ke4 h4 48. Kf5 hxg3 49. Kg6 Rh6+ 50. Bxh6 Nxh6 51. Kxh6 Kg8 52. Kg6 Kf8 53. Kxf6 Ke8 54. Rg7 e4 55. fxe4 1-0

[Event "27th OIBM 2024"]
[Site "Gmund am Tegernsee"]
[Date "2024.10.29"]
[Round "4.30"]
[White "Beisteiner, Joachim"]
[Black "Schneider, Ilja"]
[Result "1-0"]
[ECO "C54"]
[WhiteElo "2129"]
[BlackElo "2449"]
[Annotator "ChessBase"]
[PlyCount "53"]
[EventDate "2024.09.16"]
[EventType "swiss"]
[EventCountry "GER"]
[SourceTitle "playchess.com"]
[Source "ChessBase"]
[SourceQuality "1"]
[TimeControl "40/5400+30:1800+30"]

1. e4 e5 2. Nf3 Nc6 3. Bc4 Bc5 4. c3 Nf6 5. d3 O-O 6. O-O d5 7. exd5 Nxd5 8. a4 a6 9. Nbd2 Kh8 10. Ne4 Ba7 11. a5 f5 12. Neg5 h6 13. Qb3 hxg5 14. Bxd5 g4 15. Bxc6 bxc6 16. Nxe5 Qf6 17. Re1 Rb8 18. Qc4 f4 19. Qxc6 g3 20. Ng6+ Kg8 21. Qd5+ Qf7 22. Qxf7+ Rxf7 23. d4 Kh7 24. Ne5 gxf2+ 25. Kxf2 Rf6 26. b4 Rb5 27. Bd2 1-0

[Event "27th OIBM 2024"]
[Site "Gmund am Tegernsee"]
[Date "2024.10.29"]
[Round "4.31"]
[White "Baenziger, Fabian"]
[Black "de Francesco, Klaus"]
[Result "1-0"]
[ECO "E08"]
[WhiteElo "2434"]
[BlackElo "2126"]
[Annotator "RC"]
[PlyCount "91"]
[EventDate "2024.09.16"]
[EventType "swiss"]
[EventCountry "GER"]
[SourceTitle "playchess.com"]
[Source "ChessBase"]
[SourceQuality "1"]
[TimeControl "40/5400+30:1800+30"]

1. Nf3 Nf6 2. c4 e6 3. g3 b6 4. Bg2 Bb7 5. d4 Be7 6. O-O c6 7. Nc3 d5 8. Qc2 Nbd7 9. b3 O-O 10. Rd1 Rc8 11. e4 Nxe4 12. Nxe4 dxe4 13. Qxe4 Nf6 14. Qc2 Qc7 15. Bf4 Bd6 16. Bxd6 Qxd6 17. c5 Qe7 18. Ne5 Rfd8 19. b4 Nd5 20. Qb2 Ba6 21. Re1 f6 22. Nf3 bxc5 23. dxc5 Rb8 24. a3 e5 25. Nd4 Qd7 26. Nb3 Qc7 27. Rad1 Ne7 28. Na5 Kf8 29. Qc2 g6 30. h4 Kg7 31. Qc3 Bb5 32. Be4 Rxd1 33. Rxd1 Rd8 34. Qb3 f5 35. Bg2 e4 36. Rxd8 Qxd8 37. a4 Ba6 38. Qe6 Bc8 39. Qe5+ Kf7 40. Nc4 a6 41. Nd6+ Kg8 42. Bf1 h5 43. Bc4+ Nd5 44. Bxd5+ cxd5 45. Qxd5+ Kh7 46. Qf7+ 1-0

[Event "27th OIBM 2024"]
[Site "Gmund am Tegernsee"]
[Date "2024.10.29"]
[Round "4.32"]
[White "Cordes, Hans-Joerg"]
[Black "Troidl, Thomas"]
[Result "1-0"]
[ECO "A80"]
[WhiteElo "2161"]
[BlackElo "1905"]
[Annotator "RC"]
[PlyCount "83"]
[EventDate "2024.09.16"]
[EventType "swiss"]
[EventCountry "GER"]
[SourceTitle "playchess.com"]
[Source "ChessBase"]
[SourceQuality "1"]
[TimeControl "40/5400+30:1800+30"]

1. d4 d5 2. Nf3 e6 3. e3 f5 4. Bd3 Nf6 5. O-O c6 6. b3 Bd6 7. Ba3 O-O 8. c4 Ne4 9. Qc2 Bxa3 10. Nxa3 Qe7 11. Qb2 Nd7 12. b4 a6 13. Nc2 Ndf6 14. Ne5 Nd7 15. Ne1 Nxe5 16. dxe5 Bd7 17. c5 Be8 18. f3 Ng5 19. h4 Nf7 20. g3 g5 21. Qd4 Kh8 22. Be2 Nh6 23. hxg5 Qxg5 24. Qf4 Qg7 25. Kf2 Ng8 26. Nd3 Ne7 27. Rh1 Ng6 28. Qd4 Rg8 29. Rh3 Nf8 30. Rah1 Rc8 31. Nf4 Bg6 32. Rh6 Qf7 33. Bd3 Rc7 34. R1h4 Rg7 35. Nh3 Qe7 36. f4 Bf7 37. Ng5 Bg8 38. g4 Ng6 39. R4h5 Qf8 40. gxf5 exf5 41. e6 Rce7 42. Rxg6 1-0

[Event "27th OIBM 2024"]
[Site "Gmund am Tegernsee"]
[Date "2024.10.29"]
[Round "4.33"]
[White "Dotzer, Lukas"]
[Black "Waldschmidt, Georg"]
[Result "1-0"]
[ECO "C81"]
[WhiteElo "2407"]
[BlackElo "2122"]
[Annotator "RC"]
[PlyCount "69"]
[EventDate "2024.09.16"]
[EventType "swiss"]
[EventCountry "GER"]
[SourceTitle "playchess.com"]
[Source "ChessBase"]
[SourceQuality "1"]
[TimeControl "40/5400+30:1800+30"]

1. e4 e5 2. Nf3 Nc6 3. Bb5 a6 4. Ba4 Nf6 5. O-O Nxe4 6. d4 b5 7. Bb3 d5 8. dxe5 Be6 9. Qe2 Be7 10. Rd1 Nc5 11. Be3 O-O 12. Nbd2 Qd7 13. Bxc5 Bxc5 14. Ne4 Bb6 15. c3 Rad8 16. Bc2 Qe7 17. Neg5 g6 18. a4 h6 19. Nxe6 Qxe6 20. Re1 d4 21. axb5 axb5 22. Qxb5 Ne7 23. cxd4 Bxd4 24. Nxd4 Rxd4 25. Bb3 Qf5 26. Rad1 Rxd1 27. Rxd1 c6 28. Qc5 Re8 29. h3 Kg7 30. Qc3 Kg8 31. Rd6 Ra8 32. Rf6 Qb1+ 33. Kh2 Rf8 34. e6 Qe4 35. Rxf7 1-0

[Event "27th OIBM 2024"]
[Site "Gmund am Tegernsee"]
[Date "2024.10.29"]
[Round "4.35"]
[White "Beikert, Guenther"]
[Black "Tillmann, Markus"]
[Result "1-0"]
[ECO "B25"]
[WhiteElo "2365"]
[BlackElo "2120"]
[Annotator "RC"]
[PlyCount "125"]
[EventDate "2024.09.16"]
[EventType "swiss"]
[EventCountry "GER"]
[SourceTitle "playchess.com"]
[Source "ChessBase"]
[SourceQuality "1"]
[TimeControl "40/5400+30:1800+30"]

1. e4 c5 2. d3 g6 3. g3 Bg7 4. Bg2 Nc6 5. f4 d6 6. Nf3 Nf6 7. O-O O-O 8. Nc3 Rb8 9. h3 b5 10. a3 Bd7 11. Be3 Ne8 12. Qd2 Nc7 13. d4 cxd4 14. Nxd4 Na5 15. b3 a6 16. f5 Nc6 17. Nxc6 Bxc6 18. Bd4 e5 19. Be3 Qe7 20. g4 f6 21. Rad1 Rbd8 22. h4 gxf5 23. exf5 d5 24. b4 Qe8 25. Bb6 Rf7 26. Ne4 d4 27. g5 Kh8 28. Qe2 Bxe4 29. Bxe4 Nd5 30. Bxd8 Qxd8 31. Qf3 Nf4 32. Qg4 Rc7 33. Rxf4 exf4 34. Qxf4 Rd7 35. Rd2 Bf8 36. Rg2 Bd6 37. Qf3 Be5 38. Bd3 Qc8 39. Re2 Re7 40. Kf1 Qe8 41. Qd5 Kg7 42. Qf3 h6 43. Qg4 Kh7 44. gxf6 Bxf6 45. Rxe7+ Qxe7 46. Qg6+ Kh8 47. Qxh6+ Kg8 48. Qg6+ Kf8 49. h5 Qe5 50. Qg4 Qe3 51. Be4 Bg5 52. Kg2 Bf4 53. Qf3 Qc1 54. Kh3 Qd2 55. f6 Qh2+ 56. Kg4 Be3 57. Bg6 Qb8 58. Qe4 Qc8+ 59. Bf5 Qc7 60. Be6 Qb8 61. Kf5 Qa7 62. Kg6 Qb8 63. Bf7 1-0

[Event "27th OIBM 2024"]
[Site "Gmund am Tegernsee"]
[Date "2024.10.29"]
[Round "4.36"]
[White "Frischmann, Rick"]
[Black "Boehmer, Christian"]
[Result "1-0"]
[ECO "C02"]
[WhiteElo "2355"]
[BlackElo "2112"]
[Annotator "RC"]
[PlyCount "45"]
[EventDate "2024.09.16"]
[EventType "swiss"]
[EventCountry "GER"]
[SourceTitle "playchess.com"]
[Source "ChessBase"]
[SourceQuality "1"]
[TimeControl "40/5400+30:1800+30"]

1. e4 e6 2. d4 d5 3. e5 c5 4. c3 Qb6 5. Nf3 Bd7 6. Bd3 Bb5 7. dxc5 Bxc5 8. b4 Bxd3 9. Qxd3 Be7 10. Na3 Nc6 11. O-O Nh6 12. Be3 Qc7 13. Nb5 Qb8 14. Bxh6 gxh6 15. Qe3 Bf8 16. Rae1 a6 17. Nbd4 Qc7 18. Nxc6 Qxc6 19. Nd4 Qc4 20. f4 Be7 21. f5 O-O-O 22. fxe6 fxe6 23. Nxe6 1-0

[Event "27th OIBM 2024"]
[Site "Gmund am Tegernsee"]
[Date "2024.10.29"]
[Round "4.37"]
[White "Rey Malde, Henrique"]
[Black "Becker, Matthias"]
[Result "1/2-1/2"]
[ECO "B06"]
[WhiteElo "2118"]
[BlackElo "2338"]
[Annotator "RC"]
[PlyCount "173"]
[EventDate "2024.09.16"]
[EventType "swiss"]
[EventCountry "GER"]
[SourceTitle "playchess.com"]
[Source "ChessBase"]
[SourceQuality "1"]
[TimeControl "40/5400+30:1800+30"]

1. e4 g6 2. d4 Bg7 3. c3 d5 4. e5 c5 5. h3 Nc6 6. Nf3 Qb6 7. Be2 e6 8. O-O Nge7 9. Na3 cxd4 10. cxd4 Bd7 11. Nc2 Rc8 12. b4 Nxb4 13. Nxb4 Qxb4 14. a4 Nc6 15. a5 a6 16. Qd3 Na7 17. Ba3 Qc3 18. Qb1 Qc7 19. Bd6 Qc6 20. Qb2 Bh6 21. Rfb1 Nb5 22. Bxb5 axb5 23. Ne1 Bf8 24. Rc1 Qa6 25. Rxc8+ Bxc8 26. Bxf8 Kxf8 27. Nd3 Kg7 28. Nc5 Qc6 29. Rc1 Bd7 30. Na4 bxa4 31. Rxc6 Bxc6 32. Qb4 Ra8 33. Kh2 Ra6 34. h4 a3 35. Qxa3 b6 36. Qe7 bxa5 37. Qf6+ Kg8 38. Qd8+ Kg7 39. Qf6+ Kf8 40. Qd8+ Kg7 41. g4 Bb5 42. h5 gxh5 43. gxh5 Bd3 44. Kg3 Ra7 45. Qb8 Rd7 46. Qa8 h6 47. Qxa5 Bf5 48. Qb6 Re7 49. Qb8 Rd7 50. f3 Bh7 51. Kf2 Bf5 52. Ke3 Bh7 53. Kd2 Bf5 54. Kc3 f6 55. exf6+ Kxf6 56. Qg8 Rc7+ 57. Kd2 Rc2+ 58. Ke3 Ke7 59. Qg7+ Kd6 60. Qf8+ Kc6 61. Qxh6 Rh2 62. Qg5 Rh3 63. Kf2 Rh1 64. Kg2 Rb1 65. h6 Rb7 66. Kg3 Kb5 67. Kf4 Kc4 68. Ke5 Kd3 69. Qg1 Rh7 70. Qc1 Rh8 71. Kf4 Rxh6 72. Qe3+ Kc4 73. Ke5 Rh3 74. Qe2+ Kc3 75. Qe3+ Kc4 76. Qa3 Rh7 77. Qc5+ Kd3 78. Qa3+ Ke2 79. f4 Rh3 80. Qb2+ Kd3 81. Qb1+ Kd2 82. Qb4+ Kd3 83. Qb1+ Ke2 84. Qb2+ Kf3 85. Qb3+ Ke2 86. Qb2+ Kd3 87. Qb1+ 1/2-1/2

[Event "27th OIBM 2024"]
[Site "Gmund am Tegernsee"]
[Date "2024.10.29"]
[Round "4.38"]
[White "Weber, Ulrich"]
[Black "Kannenberg, Karl-Heinz"]
[Result "1-0"]
[ECO "A07"]
[WhiteElo "2334"]
[BlackElo "2111"]
[Annotator "RC"]
[PlyCount "81"]
[EventDate "2024.09.16"]
[EventType "swiss"]
[EventCountry "GER"]
[SourceTitle "playchess.com"]
[Source "ChessBase"]
[SourceQuality "1"]
[TimeControl "40/5400+30:1800+30"]

1. Nf3 d5 2. g3 c6 3. Bg2 Bg4 4. d3 e6 5. O-O Bd6 6. e4 Nd7 7. h3 Bh5 8. Nc3 Ne7 9. Ne2 dxe4 10. dxe4 Bxf3 11. Bxf3 Ne5 12. Bg2 Bc5 13. Qe1 Bb6 14. Qc3 Qc7 15. a4 a5 16. b3 Rd8 17. Ba3 f6 18. Rfd1 Kf7 19. Kf1 Rxd1+ 20. Rxd1 Rd8 21. Rxd8 Qxd8 22. Ke1 Qd7 23. f4 N5g6 24. Bf3 Nf8 25. Bh5+ Kg8 26. Bg4 Nfg6 27. Qc4 Nf8 28. f5 Kh8 29. fxe6 Qd8 30. Nf4 g6 31. Bb2 Kg7 32. h4 Qd6 33. Qc3 Ng8 34. e5 Qe7 35. exf6+ Nxf6 36. Kf1 Bd8 37. Qe5 Bc7 38. Qe3 Kg8 39. Bh3 Bd6 40. Kg2 Bc7 41. Bxf6 1-0

[Event "27th OIBM 2024"]
[Site "Gmund am Tegernsee"]
[Date "2024.10.29"]
[Round "4.39"]
[White "van der Valk, Niklas"]
[Black "Zude, Arno"]
[Result "0-1"]
[ECO "C79"]
[WhiteElo "2114"]
[BlackElo "2332"]
[Annotator "RC"]
[PlyCount "84"]
[EventDate "2024.09.16"]
[EventType "swiss"]
[EventCountry "GER"]
[SourceTitle "playchess.com"]
[Source "ChessBase"]
[SourceQuality "1"]
[TimeControl "40/5400+30:1800+30"]

1. e4 e5 2. Nf3 Nc6 3. Bb5 a6 4. Ba4 Nf6 5. O-O d6 6. Re1 Bd7 7. c3 g6 8. d4 Bg7 9. Bc2 O-O 10. h3 Nh5 11. a4 Qe8 12. Na3 f5 13. Nc4 fxe4 14. Rxe4 Bf5 15. Bb3 d5 16. Rxe5 Nxe5 17. Ncxe5 Be6 18. Bd2 Nf6 19. Ng5 Ne4 20. Nxe6 Qxe6 21. Be3 c5 22. Qg4 Rf5 23. Qxe4 c4 24. Bxc4 dxc4 25. Qxb7 Re8 26. f4 Rff8 27. Qe4 Bxe5 28. dxe5 Rb8 29. Rd1 Rfd8 30. Rf1 Qd5 31. Qxd5+ Rxd5 32. Bd4 Rxb2 33. Re1 Kf7 34. g4 Ke6 35. Rf1 Rd8 36. f5+ gxf5 37. gxf5+ Kd5 38. Re1 Rg8+ 39. Kh1 Rgg2 40. f6 Ke6 41. Re3 Rh2+ 42. Kg1 Rhe2 0-1

[Event "27th OIBM 2024"]
[Site "Gmund am Tegernsee"]
[Date "2024.10.29"]
[Round "4.40"]
[White "Ramme, Christoph"]
[Black "Goh, Zi Han"]
[Result "1/2-1/2"]
[ECO "E92"]
[WhiteElo "2110"]
[BlackElo "2319"]
[Annotator "RC"]
[PlyCount "59"]
[EventDate "2024.09.16"]
[EventType "swiss"]
[EventCountry "GER"]
[SourceTitle "playchess.com"]
[Source "ChessBase"]
[SourceQuality "1"]
[TimeControl "40/5400+30:1800+30"]

1. d4 Nf6 2. c4 g6 3. Nc3 Bg7 4. e4 d6 5. Nf3 O-O 6. Be2 e5 7. Be3 h6 8. O-O Ng4 9. Bc1 Nd7 10. h3 exd4 11. Nxd4 Ngf6 12. Re1 Re8 13. Bf3 Ne5 14. Be2 Nc6 15. Nxc6 bxc6 16. Bd3 Nd7 17. Be3 Nc5 18. f3 Rb8 19. Rb1 Rxb2 20. Rxb2 Bxc3 21. Ree2 Bxb2 22. Rxb2 Qf6 23. Rc2 Be6 24. Bf1 Rb8 25. Qd2 Rb1 26. Bd4 Qh4 27. Bf2 Qf6 28. Bd4 Qg5 29. Be3 Qf6 30. Bd4 1/2-1/2